cohdb
Replays
Latest Replays
All Replays
Popular Replays
Top Player Replays
Match Explorer
How It Works
Community
CoH3 Stats
Reddit
Sign in to upload your games and track your stats! →
Sign in with Steam
Match 43813992
Unlisted
Match 43813992
Overview
Messages
Build Orders
End
Construct Section Command Post
Infantry Section
Dingo Light Scout Car
Infantry Section
Selects Heavy Armor Battlegroup
Selects Rigorous Vehicle Training
Infantry Section
Construct Platoon Command Post
Humber Armored Car
CMP 15cwt Truck
6-pounder Anti-tank Gun Team
Grenade Package
Infantry Training
Infantry Section
Unlock Bishop Self-propelled Artillery
Selects Forward Repair Assembly
Selects UNKNOWN (2162094)
Selects Light Vehicle Withdraw and Refit
Selects Radio Net
Bishop Self-propelled Artillery
Construct Company Command Post
Selects Recon Artillery
Recon Artillery
Churchill IV Heavy Tank
Foot Guards Section
TidaL
Truck
Still In Love
Komeiji Satori
Lionheart
Sir Toady
fhqls12345
多多殺手
0
0
Comments
sign in to comment!
No comments posted yet!